 Dungeon Crawl Stone Soup version 0.24.0-13-gcf9b319 (webtiles) character file.

Game seed: 16273693018475624385, levelgen mode: deterministic

7279 Boetheseconed the Spear-Bearer (level 10, 0/82 HPs)
             Began as a Demonspawn Wanderer on Dec 13, 2019.
             Was a Priest of Yredelemnul.
             Slain by a two-headed ogre
             ... wielding a cursed -1 giant club
              (5 damage)
             ... on level 11 of the Dungeon on Dec 14, 2019.
             The game lasted 01:04:15 (11016 turns).

Boetheseconed the Spear-Bearer (DsWn)              Turns: 11016, Time: 01:04:25

Health: 0/82       AC: 17    Str: 22    XL:     10   Next: 89%
Magic:  0/13       EV:  8    Int: 11    God:    Yredelemnul [***...]
Gold:   581        SH:  0    Dex: 14    Spells: 9/9 levels left

rFire    . . .     SeeInvis .   r - +5 battleaxe of Fedhas's Supremacy {chop, Str+5}
rCold    + . .     Gourm    .   (shield currently unavailable)
rNeg     . . .     Faith    .   W - +0 plate armour
rPois    .         Spirit   +   p - +1 helmet
rElec    .         Reflect  .   V - scarf {Spirit}
rCorr    +         Harm     .   (no gloves)
MR       ++...                  (no boots)
Stlth    ..........             (no amulet)
HPRegen  0.23/turn              i - ring of resist corrosion
MPRegen  0.13/turn              k - ring of protection from cold

@: no status effects
A: claws 2, thin metallic scales 1, camouflage 1, blink, demonic guardian 1,
magic resistance 2, rot immunity
a: Blink, Recall Undead Slaves, Injury Mirror, Animate Dead, Renounce Religion


You were on level 11 of the Dungeon.
You worshipped Yredelemnul.
Yredelemnul was most pleased with you.
You were not hungry.

You visited 2 branches of the dungeon, and saw 12 of its levels.

You collected 581 gold pieces.

Inventory:

Hand Weapons
 a - a +2 spear
 e - a +0 dagger
 r - the +5 battleaxe of Fedhas's Supremacy (weapon) {chop, Str+5}
   (You found it on level 10 of the Dungeon)

   It inflicts extra damage upon your enemies.
   It affects your strength (+5).
 y - a +0 trident
 A - a +2 halberd of venom
Missiles
 B - 7 boomerangs (quivered)
 L - 3 silver boomerangs
Armour
 d - a +0 robe
 l - a +0 ring mail
 p - a +1 helmet (worn)
 z - a +0 helmet
 E - a +0 scale mail
 N - a +1 chain mail
 S - a +0 robe of fire resistance
 V - a scarf of spirit shield (worn)
 W - a +0 plate armour (worn)
Jewellery
 i - a ring of resist corrosion (left claw)
 k - a ring of protection from cold (right claw)
 t - an uncursed ring of wizardry
 X - an uncursed ring of protection from fire
Wands
 G - a wand of polymorph (5)
 I - a wand of scattershot (4)
 O - a wand of disintegration (7)
 P - a wand of random effects (21)
 Q - a wand of flame (36)
 T - a wand of enslavement (6)
 Y - a wand of iceblast (7)
Scrolls
 c - 3 scrolls of teleportation
 g - 4 scrolls of identify
 j - a scroll of noise
 m - a scroll of random uselessness
 n - 2 scrolls of amnesia
 o - 7 scrolls of remove curse
 v - 2 scrolls of fear
 x - 2 scrolls of acquirement {unknown}
 D - 2 scrolls of enchant armour
 H - a scroll of immolation {unknown}
 J - a scroll of vulnerability {unknown}
 M - a scroll of enchant weapon {unknown}
 R - 2 scrolls of fog {unknown}
 U - a scroll of holy word {unknown}
Potions
 b - a potion of lignification
 h - 2 potions of might
 q - 8 potions of brilliance
 s - a potion of berserk rage {unknown}
 u - a potion of haste {unknown}
 w - 2 potions of curing
 C - a potion of degeneration {unknown}
 F - a potion of agility
Comestibles
 f - 26 rations
 K - 5 chunks of flesh


   Skills:
 + Level 8.4 Fighting
 + Level 1.4(7.1) Axes
 + Level 10.9 Polearms
 + Level 1.0 Throwing
 + Level 6.4 Armour
 + Level 2.7 Dodging
 + Level 3.1 Stealth
   Level 1.0 Shields
 + Level 5.1 Invocations
 + Level 1.4 Evocations


You had 9 spell levels left.
You didn't know any spells.
Your spell library contained the following spells:

 Spells                   Type           Power        Failure   Level  Hunger
 Corona                   Hex            #......      99%         1    ##.....
 Ensorcelled Hibernation  Hex/Ice        #.....       100%        2    ###....
 Confuse                  Hex            #.......     100%        3    ####...
 Dazzling Spray           Conj/Hex       #.....       100%        3    ####...
 Tukima's Dance           Hex            #.......     100%        3    ####...


Dungeon Overview and Level Annotations

Branches:
Dungeon (11/15)            Temple (1/1) D:5            Lair (0/6) D:10
    Orc: D:9-12

Altars:
Ashenzari
Cheibriados
Dithmenos
Elyvilon
Fedhas
Gozag
Hepliaklqana
Kikubaaqudgha
Makhleb
Nemelex Xobeh
Okawaru
Qazlal
Ru
Sif Muna
Trog
Uskayaw
Vehumet
Wu Jian
Xom
Yredelemnul
Zin
The Shining One

Shops:
D:4 *

Annotations:
D:2 1 runed translucent door, Crazy Yiuf
D:7 2 transporters


Innate Abilities, Weirdness & Mutations

You have very sharp fingernails.
You are partially covered in thin metallic scales. (AC +2)
A weak demonic guardian rushes to your aid.
You are immune to rotting.
Your skin changes colour to match your surroundings (Stealth+).
You can translocate small distances at will.
You are highly resistant to hostile enchantments. (MR++)


Message History

The two-headed ogre is moderately wounded.
The two-headed ogre barely misses you.
The two-headed ogre hits you with a +0 giant spiked club!
* * * LOW HITPOINT WARNING * * *
Your manticore skeleton bites the two-headed ogre.
Your manticore skeleton claws the two-headed ogre. x2
The two-headed ogre hits you with a cursed -1 giant club.
* * * LOW HITPOINT WARNING * * *
The two-headed ogre hits you with a +0 giant spiked club.
* * * LOW HITPOINT WARNING * * *
Your manticore skeleton bites the two-headed ogre.
Your manticore skeleton barely misses the two-headed ogre.
Your manticore skeleton claws the two-headed ogre.
You slash the two-headed ogre!
The two-headed ogre is almost dead.
The two-headed ogre hits you with a cursed -1 giant club!
* * * LOW HITPOINT WARNING * * *
The two-headed ogre hits you with a +0 giant spiked club.
You die...
Your body rises from the dead as a mindless zombie.

#.# #.... #<.......# #.#
#.... #........# #.#
#.... #........# #.#
#.... #........# #.#
#.... #........# #.#
#.... #........# #.#
#....
#....(.OZ#####.######....
........@.......>........
#########################


You could see a two-headed ogre and a friendly manticore skeleton.

Vanquished Creatures
  A centaur warrior (D:8)
  A manticore (D:11)
  Psyche (D:9)
  A gargoyle (D:10)
  A troll (D:10)
  2 hippogriffs
  2 wyverns
  4 yaks (D:10)
  A warg (D:10)
  2 soldier ants (D:8)
  A water moccasin (D:8)
  2 orc warriors
  A sky beast (D:8)
  A black bear (D:10)
  An eye of draining (D:9)
  A hornet zombie (D:9)
  5 ogres
  3 centaurs
  A big kobold (D:8)
  5 bullfrogs
  Dowan (D:7)
  A scorpion (D:7)
  3 killer bees (D:8)
  A howler monkey (D:6)
  A bullfrog zombie (D:5)
  A centaur zombie (D:5)
  2 crimson imps
  A quasit (D:10)
  5 jellies
  10 orc wizards
  An orc priest (D:5)
  A hound (D:8)
  An iguana (D:7)
  4 worker ants
  2 killer bee zombies (D:8)
  3 hound zombies
  A howler monkey zombie (D:11)
  8 gnolls
  11 adders
  A howler monkey skeleton (D:8)
  4 shadow imps
  An adder skeleton (D:6)
  An adder zombie (D:7)
  5 worms
  3 dart slugs
  7 leopard geckos
  22 orcs
  5 bats
  4 giant cockroaches
  8 hobgoblins
  A quokka (D:3)
  2 ball pythons
  4 frilled lizards
  5 goblins
  A jackal skeleton (D:7)
  11 kobolds
  4 rats
184 creatures vanquished.

Vanquished Creatures (collateral kills)
  A two-headed ogre (D:10)
  A gargoyle (D:11)
  A troll (D:9)
  Prince Ribbit (D:7)
  A warg (D:10)
  An orc warrior (D:6)
  2 big kobolds
  A bullfrog (D:7)
  A scorpion (D:9)
  A killer bee (D:8)
  2 gnoll shamans
  A hound (D:4)
  A gnoll (D:4)
  10 orcs
  A hobgoblin (D:3)
  3 kobolds
29 creatures vanquished.

Vanquished Creatures (others)
  A hornet zombie (D:8)
  A wyvern skeleton (D:8)
  A warg skeleton (D:10)
  A bullfrog skeleton (D:10)
  An elf skeleton (D:7)
  An adder skeleton (D:10)
  3 gnoll skeletons (D:8)
  2 kobold zombies
  A leopard gecko skeleton (D:8)
  A leopard gecko zombie (D:7)
  2 orc skeletons
15 creatures vanquished.

Grand Total: 228 creatures vanquished

Notes
Turn   | Place    | Note
-------+----------+-------------------------------------------
     0 | D:1      | Boetheseconed the Demonspawn Wanderer began the quest for
                  | the Orb.
     0 | D:1      | Boetheseconed set off with the following items: a +2 spear,
                  | a potion of lignification, a scroll of teleportation, a +0
                  | robe, a +0 dagger, a ration
     0 | D:1      | Reached XP level 1. HP: 19/19 MP: 1/1
   176 | D:1      | Gained mutation: You are partially covered in thin metallic
                  | scales. (AC +2) [demonic ancestry]
   176 | D:1      | Reached XP level 2. HP: 25/25 MP: 2/2
   258 | D:1      | Reached skill level 3 in Polearms
   929 | D:2      | Gained mutation: You have sharp fingernails. [demonic
                  | ancestry]
   929 | D:2      | Reached XP level 3. HP: 29/31 MP: 3/3
  1667 | D:2      | Found a runed translucent door.
  1668 | D:2      | Noticed Crazy Yiuf
  1994 | D:3      | Reached XP level 4. HP: 21/38 MP: 4/4
  2322 | D:3      | Reached skill level 1 in Armour
  2338 | D:3      | Reached skill level 4 in Polearms
  2338 | D:3      | Gained mutation: A weak demonic guardian rushes to your
                  | aid. [demonic ancestry]
  2338 | D:3      | Reached XP level 5. HP: 16/43 MP: 5/5
  3006 | D:3      | Reached skill level 5 in Fighting
  3312 | D:4      | Reached skill level 1 in Dodging
  3582 | D:4      | Gained mutation: You have very sharp fingernails. [demonic
                  | ancestry]
  3582 | D:4      | Reached XP level 6. HP: 50/51 MP: 6/6
  3876 | D:4      | Found Toshreva's Assorted Antiques.
  4143 | D:5      | Entered Level 5 of the Dungeon
  4325 | D:5      | Reached skill level 5 in Polearms
  4337 | D:5      | Found a staircase to the Ecumenical Temple.
  4351 | Temple   | Entered the Ecumenical Temple
  4360 | Temple   | Became a worshipper of Yredelemnul the Dark
  4490 | D:5      | Noticed Eustachio
  4493 | D:5      | Noticed Eustachio
  4493 | D:5      | Eustachio changed into Eustachio the worm
  4497 | D:5      | Killed Eustachio the worm
  4728 | D:5      | Reached XP level 7. HP: 41/56 MP: 7/7
  4934 | D:5      | Found a radiant altar of Vehumet.
  4971 | D:5      | Found a glowing silver altar of Zin.
  5483 | D:6      | Reached skill level 6 in Polearms
  5521 | D:6      | Found a stormy altar of Qazlal.
  5866 | D:6      | Reached * piety under Yredelemnul
  5876 | D:6      | Reached XP level 8. HP: 49/64 MP: 8/8
  6100 | D:7      | Noticed Dowan
  6103 | D:7      | Noticed Duvessa
  6105 | D:7      | Noticed Duvessa
  6105 | D:7      | Duvessa changed into Duvessa the scorpion
  6110 | D:7      | Killed Duvessa the scorpion
  6110 | D:7      | Reached skill level 7 in Polearms
  6111 | D:7      | Killed Dowan
  6171 | D:7      | Noticed Prince Ribbit
  6189 | D:7      | Killed Prince Ribbit
  6583 | D:7      | Found a transporter.
  6620 | D:7      | Found a transporter.
  7156 | D:8      | Reached skill level 1 in Invocations
  7218 | D:8      | Reached skill level 8 in Polearms
  7598 | D:8      | Found a bloodstained altar of Trog.
  7626 | D:8      | Reached ** piety under Yredelemnul
  7754 | D:8      | Gained mutation: You are immune to rotting. [demonic
                  | ancestry]
  7754 | D:8      | Reached XP level 9. HP: 70/71 MP: 10/10
  7777 | D:8      | Noticed a centaur warrior
  7788 | D:8      | Killed a centaur warrior
  7788 | D:8      | Reached skill level 9 in Polearms
  7945 | D:8      | Gained mutation: You are resistant to hostile enchantments.
                  | (MR+) [potion of mutation]
  7945 | D:8      | Gained mutation: You are frail. (-10% HP) [potion of
                  | mutation]
  7945 | D:8      | Gained mutation: You have sharp toenails. [potion of
                  | mutation]
  8221 | D:8      | Found a glowing golden altar of the Shining One.
  8516 | D:9      | Noticed Psyche
  8516 | D:9      | Noticed a troll
  8526 | D:9      | Killed Psyche
  8526 | D:9      | Reached skill level 5 in Armour
  8529 | D:9      | Killed a troll
  8529 | D:9      | Reached XP level 10. HP: 31/71 MP: 11/13
  9008 | D:9      | Reached skill level 10 in Polearms
  9008 | D:9      | Reached skill level 1 in Evocations
  9352 | D:10     | Entered Level 10 of the Dungeon
  9394 | D:10     | Noticed a gargoyle
  9429 | D:10     | Killed a gargoyle
  9660 | D:10     | Reached *** piety under Yredelemnul
  9694 | D:10     | Found a staircase to the Lair.
 10057 | D:10     | Noticed a two-headed ogre
 10097 | D:10     | Killed a two-headed ogre
 10097 | D:10     | Reached skill level 1 in Throwing
 10097 | D:10     | Reached skill level 5 in Invocations
 10509 | D:10     | Got a fine battleaxe
 10510 | D:10     | Identified the +5 battleaxe of Fedhas's Supremacy {chop,
                  | Str+5} (You found it on level 10 of the Dungeon)
 10763 | D:11     | Lost mutation: You have sharp toenails. [potion of
                  | mutation]
 10763 | D:11     | Gained mutation: You are clumsy. (Dex -2) [potion of
                  | mutation]
 10763 | D:11     | Gained mutation: You are weak. (Str -2) [potion of
                  | mutation]
 10763 | D:11     | Lost mutation: You are weak. (Str -2) [potion of mutation]
 10764 | D:11     | Lost mutation: You are frail. (-10% HP) [potion of
                  | mutation]
 10764 | D:11     | Lost mutation: You are clumsy. (Dex -2) [potion of
                  | mutation]
 10764 | D:11     | Gained mutation: Your skin changes colour to match your
                  | surroundings (Stealth+). [potion of mutation]
 10764 | D:11     | Gained mutation: You are highly resistant to hostile
                  | enchantments. (MR++) [potion of mutation]
 10764 | D:11     | Gained mutation: You can translocate small distances at
                  | will. [potion of mutation]
 10779 | D:11     | Noticed a manticore
 10809 | D:11     | Killed a manticore
 11003 | D:11     | Noticed a gargoyle
 11005 | D:11     | Noticed a two-headed ogre
 11012 | D:11     | Killed a gargoyle
 11012 | D:11     | Reached skill level 1 in Axes
 11016 | D:11     | Slain by a two-headed ogre

Levels and vault maps discovered:
D:1:      evilmike_arrival_run_for_it, layout_basic
D:2:      layout_loops_ring, uniq_crazy_yiuf_cottage
D:3:      layout_loops_corners
D:4:      layout_basic, serial_shops, nicolae_shop_overgrown_old_shop,
          minmay_small_thing
D:5:      layout_layer_cave, lemuel_crystal_altar, zin_academy,
          minmay_temple_entry_arrows, first_ration, uniq_eustachio
D:6:      layout_basic, grunt_qazlal_clouds
D:7:      gammafunk_cloud_chamber, layout_basic, uniq_duvessa,
          uniq_prince_ribbit1
D:8:      minmay_chambers_of_sixes, layout_loops_cross, lemuel_round_altar,
          hangedman_pestilent_swarm, serial_bayou_pond_b, trog_book
D:9:      layout_irregular_city, uniq_psyche
D:10:     layout_basic, erik_lair_orcish_takeover, minmay_misc_feat_square
D:11:     cheibrodos_statue_roulette, layout_small_grid, uniq_grum
Temple:   compressed_dpeg_circular_temple

Skill      XL: |  1  2  3  4  5  6  7  8  9 10 |
---------------+-------------------------------+-----
Polearms       | 3 4 5 6 8 9 10 | 10.9
Armour         | 1 2 3 5 6 |  6.4
Fighting       | 5 6 7 8 |  8.4
Dodging        | 1 2 |  2.7
Stealth        | 2 3 |  3.1
Invocations    | 1 4 5 |  5.1
Evocations     | 1 |  1.4
Throwing       | 1 |  1.0
Axes           | 1 |  1.4
Shields        | |  1.0

Action                   |  1- 3 |  4- 6 |  7- 9 | 10-12 || total
-------------------------+-------+-------+-------+-------++-------
Melee: Spear             |   120 |   149 |       |       ||   269
       Halberd           |       |    46 |   261 |   147 ||   454
       Kick              |       |       |     6 |    31 ||    37
       Battleaxe         |       |       |       |    20 ||    20
Throw: Boomerang         |       |       |     2 |     4 ||     6
Invok: Animate Remains   |       |       |    16 |     4 ||    20
       Recall Undead Sla |       |       |     1 |       ||     1
       Animate Dead      |       |       |       |     6 ||     6
Evoke: Wand              |       |     1 |     8 |    11 ||    20
  Use: Scroll            |     3 |     1 |     4 |       ||     8
       Potion            |       |     2 |     7 |     4 ||    13
 Stab: Sleeping          |     2 |     1 |       |       ||     3
       Distracted        |       |       |     3 |     1 ||     4
  Eat: Chunk             |     3 |     9 |    17 |     6 ||    35
       Ration            |       |       |       |     2 ||     2
Armor: Ring mail         |    36 |    53 |       |       ||    89
       Scale mail        |       |     7 |    18 |       ||    25
       Chain mail        |       |       |    68 |       ||    68
       Plate armour      |       |       |    54 |    94 ||   148
       Skin              |       |       |       |     4 ||     4
Dodge: Dodged            |    49 |    75 |    96 |    49 ||   269
